 Dungeon Crawl Stone Soup version 0.26-a0-668-gd58323b419 (webtiles) character file.

Game seed: 3927402335305055456

231 grandjackal the Slasher (level 5, 24/41 HPs)
             Began as a Demonspawn Gladiator on Oct 18, 2020.
             Quit the game on level 3 of the Dungeon.
             The game lasted 00:03:18 (2964 turns).

grandjackal the Slasher (Demonspawn Gladiator)      Turns: 2964, Time: 00:03:18

Health: 24/41      AC:  9    Str: 15    XL:     5   Next: 72%
Magic:  5/5        EV: 10    Int:  9    God:
Gold:   201        SH:  0    Dex: 15    Spells: 4/4 levels left

rFire    + + .     SeeInvis .   a - +0 long sword
rCold    . . .     Faith    .   (no shield)
rNeg     . . .     Spirit   .   f - +0 fire dragon scales
rPois    .         Reflect  .   c - +0 helmet
rElec    .         Harm     .   (no cloak)
rCorr    .         Rampage  .   (no gloves)
MR       .....                  (no boots)
Stlth    ..........             (no amulet)
HPRegen  0.13/turn              b - ring of protection from cold
MPRegen  0.09/turn              (no ring)

@: mighty, very slightly contaminated, invisible
A: claws 1, rot immunity
a: no special abilities


You were on level 3 of the Dungeon.
You visited 1 branch of the dungeon, and saw 3 of its levels.

You collected 201 gold pieces.

Inventory:

Hand Weapons
 a - a +0 long sword (weapon)
Missiles
 d - 3 throwing nets (quivered)
Armour
 c - a +0 helmet (worn)
 f - +0 fire dragon scales (worn)
 n - a +0 buckler
Jewellery
 b - a ring of protection from cold (left claw)
 v - an uncursed amulet of guardian spirit {unknown}
Scrolls
 j - 3 scrolls of remove curse {unknown}
 k - 4 scrolls of teleportation
 l - a scroll of blinking {unknown}
 m - a scroll of fear {unknown}
 p - a scroll of magic mapping {unknown}
 r - a scroll of enchant armour {unknown}
 u - a scroll of fog {unknown}
Potions
 e - a potion of invisibility
 g - 2 potions of flight
 h - a potion of curing {unknown}
 i - a potion of ambrosia
 o - a potion of degeneration {unknown}
 q - 2 potions of cancellation
 s - a potion of resistance {unknown}
 t - a potion of might
 w - a potion of lignification {unknown}


   Skills:
 + Level 3.5 Fighting
 + Level 3.8 Long Blades
 - Level 1.7 Throwing
 + Level 3.7 Dodging
 + Level 2.0 Shields


You had 4 spell levels left.
You didn't know any spells.
Your spell library was empty.

Dungeon Overview and Level Annotations

Branches:
Dungeon (3/15)

Altars:
Cheibriados


Innate Abilities, Weirdness & Mutations

You have sharp fingernails.
You are immune to rotting.


Message History

The orc warrior is heavily wounded.
The orc warrior completely misses you.
You catch the helpless orc warrior completely off-guard!
You slash the orc warrior!
The orc warrior is almost dead.
The orc warrior completely misses you.
Your fire dragon scales prevents you from hitting the orc warrior.
The orc warrior is almost dead.
The orc warrior misses you.
You hit the orc warrior.
You kill the orc warrior!
Your Shields skill increases to level 2!
You have reached level 5!
Your demonic ancestry asserts itself...
Your fingernails lengthen.
Your fire dragon scales prevents you from hitting the orc.
The orc barely misses you.
You riposte.
You slash the orc!
You kill the orc!
Items here: ))))) [[ †††.
Are you sure you want to abandon this character and quit the game? (Confirm with "yes".)

#.# #.# #.# #.#
#.############ #.#
#............# #.#
############.# #.#
#.# #.# #.# #.#
###.###.###########.#
..........@.........#
###.###.#############
#.# #o# #.# #.#
#.###.# #.....#
#######


There were no monsters in sight!

Vanquished Creatures
  An orc warrior (D:3)
  An orc priest (D:3)
  Robin (D:2)
  4 adders
  A worm (D:3)
  2 dart slugs (D:2)
  3 orcs (D:3)
  6 bats
  8 goblins
  8 hobgoblins
  4 kobolds
  3 ball pythons (D:3)
  A frilled lizard (D:2)
  A giant cockroach zombie (D:3)
  5 rats
49 creatures vanquished.

Notes
Turn   | Place    | Note
-------+----------+-------------------------------------------
     0 | D:1      | grandjackal the Demonspawn Gladiator began the quest for
                  | the Orb.
     0 | D:1      | Reached XP level 1. HP: 16/16 MP: 1/1
   925 | D:2      | Gained mutation: You are immune to rotting. [demonic
                  | ancestry]
   925 | D:2      | Reached XP level 2. HP: 22/22 MP: 2/2
  1404 | D:2      | Noticed Robin
  1416 | D:2      | Reached XP level 3. HP: 27/28 MP: 3/3
  1425 | D:2      | Killed Robin
  2313 | D:3      | Found a snail-covered altar of Cheibriados.
  2375 | D:3      | Reached XP level 4. HP: 34/34 MP: 4/4
  2403 | D:3      | Reached skill level 1 in Shields
  2889 | D:3      | Noticed an orc warrior
  2961 | D:3      | Killed an orc warrior
  2961 | D:3      | Gained mutation: You have sharp fingernails. [demonic
                  | ancestry]
  2961 | D:3      | Reached XP level 5. HP: 24/41 MP: 5/5
  2964 | D:3      | Quit the game

Illustrated notes

Levels and vault maps discovered:
D:1:      heliophobic_arrival_ceremonial_halls, layout_rooms
D:2:      layout_basic, uniq_robin
D:3:      layout_basic, lemuel_crystal_altar, kennysheep_generic_room_16

Skill      XL: |  1  2  3  4 |
---------------+-------------+-----
Long Blades    | 3 |  3.8
Dodging        | 3 |  3.7
Shields        | 2 |  2.0
Fighting       | 3 |  3.5
Throwing       | |  1.7

Action                   |  1- 3 |  4- 6 || total
-------------------------+-------+-------++-------
Melee: Long sword        |   121 |    68 ||   189
  Use: Scroll            |     5 |     1 ||     6
       Potion            |       |     2 ||     2
 Stab: Invisible         |       |     3 ||     3
Armor: Fire dragon scale |    71 |    33 ||   104
       Leather armour    |     2 |       ||     2
Dodge: Dodged            |    59 |    53 ||   112
       Rpst.: Long sword |    17 |    17 ||    34

Table legend: (Time is in decaauts)
 A = Elapsed time spent in this place.
 B = Non-inter-level travel time spent in this place.
 C = Inter-level travel time spent in this place.
 D = Time resting spent in this place.
 E = Time spent auto-exploring this place.
 F = Levels seen in this place.
 G = Mean time per level.
                   A        B        C        D        E       F      G
               +--------+--------+--------+--------+--------+-----+--------+
         Total |   3009 |   2965 |     44 |    920 |   1573 |   3 | 1003.0 |
       Dungeon |   3009 |   2965 |     44 |    920 |   1573 |   3 | 1003.0 |
               +--------+--------+--------+--------+--------+-----+--------+

Top non-repeatable levels by time:
     D:2: 1489 daAuts
     D:1: 840 daAuts
     D:3: 680 daAuts
